 Dungeon Crawl Stone Soup version 0.18-a0-1267-gff090c1 (webtiles) character file.

114 4thArraOfDagon the Bolt Thrower (level 4, -1/32 HPs)
             Began as a Mummy Arcane Marksman on Feb 6, 2016.
             Slain by an ice beast (5 damage)
             ... on level 3 of the Dungeon.
             The game lasted 00:05:32 (1650 turns).

4thArraOfDagon the Bolt Thrower (MuAM)              Turns: 1650, Time: 00:05:32

Health: -1/32      AC:  3    Str: 15    XL:     4   Next: 67%
Magic:  5/5        EV:  9    Int: 12    God:
Gold:   121        SH:  0    Dex: 11    Spells: 1 memorised, 4 levels left

rFire  x . .     SeeInvis .     a - +0 hand crossbow
rCold  + . .     Gourm    .     k - +0 scale mail
rNeg   + + +     Faith    .     (no shield)
rPois  ∞         Spirit   .     (no helmet)
rElec  .         Dismiss  .     (no cloak)
rCorr  .         Reflect  .     (no gloves)
SustAt .         Harm     .     (no boots)
MR     .....                    (no amulet)
Stlth  ..........               o - ring of flight
                                p - -3 ring of protection (curse)

@: not resistant to hostile enchantments, extremely unstealthy
A: no food or potions, fire vulnerability, cold resistance 1, negative energy
resistance 3, torment resistance, unbreathing
a: Evoke Flight


You were on level 3 of the Dungeon.
You were not hungry.

You visited 1 branch of the dungeon, and saw 4 of its levels.

You collected 121 gold pieces.

Inventory:

Hand Weapons
 a - a +0 hand crossbow (weapon)
Missiles
 b - 37 poisoned needles
 d - 16 bolts (quivered)
Armour
 k - a +0 scale mail (worn)
Jewellery
 o - a ring of flight (right hand)
 p - a cursed -3 ring of protection (left hand)
Scrolls
 e - 8 scrolls of identify
 f - a scroll of teleportation {unknown}
 g - a scroll of random uselessness {unknown}
 h - a scroll of noise {unknown}
 i - a scroll of immolation {unknown}
 j - a scroll of enchant weapon {unknown}
 l - 2 scrolls of enchant armour
 n - a scroll of recharging
Books
 c - a book of Debilitation

   Spells                             Type                      Level
   a - Corona                         Hexes                        1
   b - Slow                           Hexes                        2
   c - Gell's Gravitas                Hexes/Translocation          3
   d - Inner Flame                    Hexes/Fire                   3
   e - Cause Fear                     Hexes                        4
   f - Leda's Liquefaction            Hexes/Earth                  4


   Skills:
 - Level 1.0 Fighting
 * Level 4.1 Crossbows
 - Level 1.5 Dodging
 - Level 1.0 Spellcasting
 - Level 2.6 Hexes


You had 4 spell levels left.
You knew the following spells:

 Your Spells              Type           Power        Failure   Level  Hunger
a - Corona                Hex            #......      52%         1    N/A

Dungeon Overview and Level Annotations

Branches:
Dungeon (4/15)
 Temple: D:4-7

Altars:
Ashenzari
Kikubaaqudgha

Annotations:
D:2 Sigmund


Innate Abilities, Weirdness & Mutations

You do not eat or drink.
Your flesh is vulnerable to fire.
You are immune to poison.
Your flesh is cold resistant.
You are immune to negative energy.
You are immune to unholy pain and torment.
You can survive without breathing.


Message History

The ice beast closely misses you.
Firing (i - inventory):
d - 18 bolts (quivered)
Press: ? - help, Shift-Dir - straight line, f/p - ice beast
Aim: an ice beast (almost dead)
You shoot a bolt. The bolt barely misses the ice beast.
The ice beast hits you. The ice beast freezes you! You resist.
* * * LOW HITPOINT WARNING * * *
You are too injured to fight recklessly!
You are too injured to fight recklessly!
You are too injured to fight recklessly!
Firing (i - inventory):
d - 17 bolts (quivered)
Press: ? - help, Shift-Dir - straight line, f/p - ice beast
Aim: an ice beast (almost dead)
You shoot a bolt.
The bolt hits the ice beast but does no damage.
The ice beast is almost dead.
The ice beast hits you.
* * * LOW HITPOINT WARNING * * *
The ice beast freezes you. You resist.
You die...

>oo.......# ##
(......###.###..# ##8##
.......# ##.###8...8 ..(....#
#..##..... ...(....
#..#>..... ..(..# #..##...[.
.(.# #.###8...8 #Y########.##
##8##
###########.@.........#######
#..........#########.##..##..
#..........# #(###.....
#..........# #.# #.###.
#..........# #.# #..##.
#..........# #.# #..##.
#..........# #.# #..##.
#..........# #.###....)
#......)...# #.....).#.


You could see an ice beast.

Vanquished Creatures
  An orc priest (D:3)
  A hound skeleton (D:3)
  An adder (D:2)
  3 worms
  2 giant geckos (D:1)
  3 orcs (D:3)
  3 bats
  A giant cockroach (D:3)
  5 goblins
  12 hobgoblins
  3 jackals (D:2)
  A giant newt (D:2)
  7 kobolds
  7 rats
50 creatures vanquished.

Notes
Turn   | Place    | Note
--------------------------------------------------------------
     0 | D:1      | 4thArraOfDagon the Mummy Arcane Marksman began the quest for the Orb.
     0 | D:1      | Reached XP level 1. HP: 15/15 MP: 2/2
    78 | D:1      | Reached XP level 2. HP: 15/21 MP: 3/3
   109 | D:1      | futacaninefemale: ti vchera propustil epic
   766 | D:2      | Reached XP level 3. HP: 26/26 MP: 4/4
   774 | D:2      | Reached skill level 3 in Crossbows
  1094 | D:3      | Noticed Sigmund
  1116 | D:3      | BLOAX: good teletrap
  1145 | D:3      | Reached XP level 4. HP: 32/32 MP: 5/5
  1194 | D:3      | Found a shattered altar of Ashenzari.
  1197 | D:3      | Found an ancient bone altar of Kikubaaqudgha.
  1425 | D:3      | Reached skill level 4 in Crossbows
  1635 | D:3      | Noticed an ice beast
  1650 | D:3      | Slain by an ice beast

Vault maps used:
D:1:      sevenhm_arrival_forest_fort_small_6
D:2:      first_bread
D:3:      nicolae_overflow_hidden_temple, uniq_sigmund
D:4:      okawaru_metal_pillars_3, kennysheep_little_box, gup_sewer_entry_pipe,
          lemuel_blue_sif_altar, uniq_edmund

Action                   |  1- 3 |  4- 6 || total
-------------------------+-------+-------++-------
 Fire: Hand crossbow     |   103 |    54 ||   157
  Use: Scroll            |     1 |     2 ||     3
